 Dungeon Crawl Stone Soup version 0.18.1-48-g4cf74bf (webtiles) character file.

726 Gargoyl the Covered (level 7, 0/55 HPs)
             Began as a Demonspawn Abyssal Knight on June 25, 2016.
             Was an Elder of Lugonu.
             Slain by an orc
             ... wielding a +0 trident of distortion
              (19 damage)
             ... on level 4 of the Dungeon.
             The game lasted 00:14:11 (4733 turns).

Gargoyl the Covered (Demonspawn Abyssal Knight)     Turns: 4733, Time: 00:14:12

Health: 0/55       AC: 15    Str: 14    XL:     7   Next: 44%
Magic:  8/8        EV:  7    Int: 14    God:    Lugonu [****..]
Gold:   149        SH:  3    Dex: 12    Spells: 0 memorised, 6 levels left

rFire  . . .     SeeInvis +     a - +1 hand axe
rCold  . . .     Gourm    .     q - +0 chain mail
rNeg   . . .     Faith    .     (no shield)
rPois  .         Spirit   .     (no helmet)
rElec  .         Dismiss  .     (no cloak)
rCorr  .         Reflect  .     (no gloves)
SustAt .         Harm     .     g - +2 pair of boots {Fly}
MR     .....                    (no amulet)
Stlth  ..........               p - ring of see invisible
                                (no ring)

@: flying, drained, not resistant to hostile enchantments, extremely unstealthy
A: talons 1, large bone plates 2, demonic guardian 1, powered by death 1
a: Depart the Abyss, Bend Space, Banish, Corrupt, Renounce Religion, Stop Flying


You were on level 4 of the Dungeon.
You worshipped Lugonu.
Lugonu was greatly pleased with you.
You were not hungry.

You visited 1 branch of the dungeon, and saw 4 of its levels.
You visited the Abyss 1 time.

You collected 227 gold pieces.
You spent 78 gold pieces at shops.

Inventory:

Hand Weapons
 a - a +1 hand axe (weapon)
Missiles
 t - a tomahawk (quivered)
Armour
 g - a +2 pair of boots of flying (worn)
 q - a +0 chain mail (worn)
Jewellery
 p - a ring of see invisible (right hand)
Wands
 b - a wand of random effects (17/48)
 f - a wand of digging (21/24)
Scrolls
 d - 4 scrolls of identify
 e - 2 scrolls of remove curse
 l - a scroll of enchant armour
 n - a scroll of teleportation
 s - a scroll of enchant weapon {unknown}
 u - 2 scrolls of blinking {unknown}
 v - a scroll of magic mapping {unknown}
Potions
 h - 3 potions of lignification {unknown}
 j - a potion of experience {unknown}
 k - a potion of haste
 r - a potion of ambrosia {unknown}
Comestibles
 c - 4 bread rations
 i - 2 slices of pizza
 o - 3 fruits
 w - a meat ration


   Skills:
 + Level 4.6(4.1) Fighting
 + Level 3.6(3.2) Axes
 * Level 4.8(4.4) Armour
 + Level 3.4(3.0) Dodging
 + Level 0.8(0.3) Stealth
 + Level 2.5(2.1) Invocations


You had 6 spell levels left.
You didn't know any spells.

Dungeon Overview and Level Annotations

Branches:
Dungeon (4/15)             Temple (0/1) D:4

Altars:
Ashenzari
Qazlal
Yredelemnul

Shops:
D:4 %%!%


Innate Abilities, Weirdness & Mutations

You have sharp toenails.
You are mostly covered in large bone plates (AC +3, SH +3).
A weak demonic guardian rushes to your aid.
You regenerate a little health from kills.


Message History

The orc wizard hits you but does no damage.
You feel drained. The orc hits you but does no damage.
Your surroundings suddenly seem different.
You start resting.
Eating one of 2 chunks of flesh.
This raw flesh tastes terrible.
You feel less regenerative.
You continue eating. x2
You start resting.
All of the chunks of flesh in your inventory have rotted away.
The orc shouts!
The orc hits you but does no damage. Space bends around you.
The orc hits you but does no damage. Space bends around you.
You barely miss the orc. The orc hits you but does no damage.
You blink.
The orc barely misses you.
You barely miss the orc. The orc hits you but does no damage.
Your surroundings suddenly seem different.
You start resting.
The orc hits you but does no damage. Space bends around you.
The orc hits you but does no damage. Space warps horribly around you!
You die...

#.#####....# #..# # #......###.##
##.### # ..####.###..######
#...### # #.#
#.........>.#####...########
#.###########.##..# ###.#.....##
.....## #.###.# #.......##
####..## #.###.## ####.....##
##..# ###..##..####........##
##.####.....@.......##.....##
###......###o......####.....##
####...##.#.######......##.....##
8....####..∩...............######
...### ###.#..(.......<##÷# ###
#### #.............##.# #.. #
####..........##.####.. #
#############....... ######..


You could see an orc.

Vanquished Creatures
  Eustachio (D:4)
  2 orc priests
  A hound (D:4)
  An iguana (D:4)
  2 orc wizards
  3 worker ants
  6 gnolls
  6 adders
  An ooze (D:4)
  2 worms
  A dart slug (D:1)
  5 giant geckos
  12 orcs
  7 bats
  6 giant cockroaches
  11 goblins
  7 hobgoblins
  21 jackals
  9 kobolds
  A quokka (D:2)
  2 ball pythons
  2 giant gecko skeletons (D:4)
  5 giant newts
  9 rats
  A spectral orc (D:3)
124 creatures vanquished.

Vanquished Creatures (collateral kills)
  2 ogres (D:4)
  An orc wizard (D:4)
  A gnoll (D:4)
  An adder (D:4)
  An orc (D:3)
  A quokka (D:3)
7 creatures vanquished.

Grand Total: 131 creatures vanquished

Notes
Turn   | Place    | Note
--------------------------------------------------------------
     0 | Abyss:1  | Gargoyl the Demonspawn Abyssal Knight began the quest for the Orb.
     0 | Abyss:1  | Reached XP level 1. HP: 18/18 MP: 2/2
    56 | Abyss:1  | Found a radiant altar of Vehumet.
   145 | D:1      | Escaped the Abyss
   251 | D:1      | Reached * piety under Lugonu
   409 | D:1      | Gained mutation: You are partially covered in large bone plates (AC +2, SH +2). [demonic ancestry]
   409 | D:1      | Reached XP level 2. HP: 24/24 MP: 3/3
   444 | D:1      | Reached skill level 1 in Dodging
   530 | D:1      | Gained mutation: You are mostly covered in large bone plates (AC +3, SH +3). [demonic ancestry]
   530 | D:1      | Reached XP level 3. HP: 22/29 MP: 4/4
   745 | D:1      | Reached ** piety under Lugonu
  1373 | D:2      | Found a stormy altar of Qazlal.
  1632 | D:2      | Gained mutation: You have sharp toenails. [demonic ancestry]
  1632 | D:2      | Reached XP level 4. HP: 37/37 MP: 5/5
  2348 | D:3      | Reached *** piety under Lugonu
  2371 | D:3      | Gained mutation: A weak demonic guardian rushes to your aid. [demonic ancestry]
  2371 | D:3      | Reached XP level 5. HP: 36/42 MP: 6/6
  3421 | D:3      | Found a basalt altar of Yredelemnul.
  3609 | D:4      | Found a shattered altar of Ashenzari.
  3609 | D:4      | Found Hiusuesch's Food Shop.
  3613 | D:4      | Noticed an ogre
  3618 | D:4      | Gained mutation: You regenerate a little health from kills. [demonic ancestry]
  3618 | D:4      | Reached XP level 6. HP: 47/48 MP: 7/7
  3631 | D:4      | Reached **** piety under Lugonu
  3974 | D:4      | Found Ovion's Food Shop.
  4125 | D:4      | Found Quhinn's Distillery.
  4150 | D:4      | Bought a potion of curing for 39 gold pieces
  4150 | D:4      | Bought a potion of curing for 39 gold pieces
  4316 | D:4      | Reached XP level 7. HP: 55/55 MP: 8/8
  4391 | D:4      | Found Uzusim's Food Emporium.
  4412 | D:4      | Found a staircase to the Ecumenical Temple.
  4414 | D:4      | Noticed Eustachio
  4437 | D:4      | HP: 1/55 [Eustachio/rapier of electrocution (14)]
  4454 | D:4      | Killed Eustachio
  4733 | D:4      | Slain by an orc

Skill      XL: |  1  2  3  4  5  6 |
---------------+-------------------+-----
Armour         | 2 3 4 |  4.8
Dodging        | 1 2 3 |  3.4
Axes           | 2 3 |  3.6
Fighting       | 4 |  4.6
Stealth        | |  0.8
Invocations    | |  2.5

Action                   |  1- 3 |  4- 6 |  7- 9 || total
-------------------------+-------+-------+-------++-------
Melee: Hand axe          |   179 |   382 |    52 ||   613
Throw: Tomahawk          |       |       |     1 ||     1
Invok: Depart the Abyss  |     1 |       |       ||     1
  Use: Scroll            |     2 |     8 |       ||    10
       Potion            |       |       |     6 ||     6
 Stab: Distracted        |       |       |     2 ||     2
  Eat: Chunk             |     3 |     9 |     2 ||    14
Armor: Ring mail         |   128 |    44 |       ||   172
       Chain mail        |       |   207 |   125 ||   332
Dodge: Dodged            |   130 |   160 |    58 ||   348
Block: Other             |    25 |    56 |    16 ||    97
